 Dungeon Crawl Stone Soup version 0.28-a0-823-gb444dcf96d (webtiles) character file.

Game seed: 12423990249167119602

11 ytrimaz the Firebug (level 2, 0/20 HPs)
             Began as a Demigod Fire Elementalist on Nov 10, 2021.
             Slain by a jackal (1 damage)
             ... on level 1 of the Dungeon.
             The game lasted 00:01:16 (777 turns).

ytrimaz the Firebug (Demigod Fire Elementalist)      Turns: 777, Time: 00:01:17

Health: 0/20       AC:  2    Str:  9    XL:     2   Next: 3%
Magic:  5/7        EV: 12    Int: 17    God:
Gold:   16         SH:  0    Dex: 14    Spells: 3/4 levels left

rFire   . . .      SeeInvis .   (no weapon)
rCold   . . .      Faith    .   (no shield)
rNeg    . . .      Spirit   .   a - +0 robe
rPois   .          Reflect  .   (no helmet)
rElec   .          Harm     .   (no cloak)
rCorr   .          Rampage  .   (no gloves)
Will    .....                   (no boots)
Stlth   ++........              (no amulet)
HPRegen 0.06/turn               (no ring)
MPRegen 0.10/turn               (no ring)

@: no status effects
A: high mp 1, forlorn
a: no special abilities


You were on level 1 of the Dungeon.
You visited 1 branch of the dungeon, and saw 1 of its levels.

You collected 16 gold pieces.

Inventory:

Missiles
 b - 2 throwing nets
Armour
 a - a +0 robe (worn)


   Skills:
 + Level 1.9 Dodging
 - Level 1.7 Stealth
 + Level 1.9 Spellcasting
 * Level 1.1 Conjurations
 + Level 3.0 Fire Magic


You had 3 spell levels left.
You knew the following spells:

 Your Spells              Type           Power      Damage    Failure   Level
a - Foxfire               Conj/Fire      32%        2x1d5     9%          1

Your spell library contained the following spells:

 Spells                   Type           Power      Damage    Failure   Level
 Scorch                   Fire           22%        2d6       9%          2
 Conjure Flame            Conj/Fire      8%         6-21      24%         3
 Sublimation of Blood     Necr           1%         N/A       30%         2
 Wereblood                Tmut           1%         N/A       30%         2
 Inner Flame              Hex/Fire       6%         N/A       32%         3
 Flame Wave               Conj/Fire      8%         3d4       63%         4
 Summon Hydra             Summ           0%         N/A       100%        7


Dungeon Overview and Level Annotations

Branches:
Dungeon (1/15)


Innate Abilities, Weirdness & Mutations

Your attributes grow dramatically as you level up.
You have an increased reservoir of magic. (+10% MP)
You shall have no god before yourself.


Message History

You see here 12 bolts.
The jackal closely misses you.
The jackal bites the plant.
The plant begins to die.
There is an open door here.
The jackal misses you.
Something bites the fungus.
The fungus begins to die.
The jackal barely misses you. The jackal barely misses you.
There is a faded altar of an unknown god here.
The jackal barely misses you. The jackal barely misses you.
The jackal bites you but does no damage.
There is an open door here.
The jackal bites you but does no damage.
The jackal bites you but does no damage.
The jackal barely misses you.
There is an open door here.
The jackal bites you.
* * * LOW HITPOINT WARNING * * *
The quokka bites the plant.
The plant begins to die.
The quokka bites the plant.
The jackal misses you. The jackal barely misses you.
The jackal bites you but does no damage.
The jackal bites you but does no damage.
The jackal closely misses you. The jackal bites you.
* * * LOW HITPOINT WARNING * * *
You are too injured to fight recklessly!
Casting: Foxfire (safe; 9% risk of failure)
Confirm with . or Enter, or press ? or * to list all spells.
You conjure some foxfire!
The jackal barely misses you.
The foxfire hits the jackal.
The jackal is moderately wounded.
The foxfire hits the jackal.
The jackal is heavily wounded.
The jackal bites you but does no damage.
Casting: Foxfire (safe; 9% risk of failure)
Confirm with . or Enter, or press ? or * to list all spells.
You conjure some foxfire!
The jackal bites you.
You die...

.....................
........⌠.....^...⌠..
#...⌠................
###....).....⌠.......
####'##.............#
......###############..
.###.................
...##.#####.#..#vv#
.#.............h@#
.#..#.############
......# ### ####.## #..
#.## ###.# #..# .#.#
##.# ..## #'##### #..##
#....P# ###...#


You could see a jackal (ally target).

Vanquished Creatures
  4 endoplasms (D:1)
  A hobgoblin (D:1)
  A jackal (D:1)
  A quokka (D:1)
  A frilled lizard (D:1)
  A rat (D:1)
9 creatures vanquished.

Vanquished Creatures (others)
  26 foxfires (D:1)
  2 fungi (D:1)
  2 plants (D:1)
30 creatures vanquished.

Grand Total: 39 creatures vanquished

Notes
Turn   | Place    | Note
-------+----------+-------------------------------------------
     0 | D:1      | ytrimaz the Demigod Fire Elementalist began the quest for
                  | the Orb.
     0 | D:1      | Reached XP level 1. HP: 14/14 MP: 5/5
    66 | D:1      | Reached skill level 1 in Conjurations
   705 | D:1      | Reached skill level 3 in Fire Magic
   705 | D:1      | Reached XP level 2. HP: 14/20 MP: 2/7
   760 | D:1      | HP: 1/20 [jackal (2)]
   774 | D:1      | HP: 1/20 [jackal (1)]
   777 | D:1      | Slain by a jackal

Illustrated notes

Levels and vault maps discovered:
D:1:      dpeg_arrival_water_temple_mockup, layout_loops_cross,
          shapermc_ecumenical_altar_ellora

Skill      XL: |  1 |
---------------+----+-----
Conjurations   | 1 |  1.1
Fire Magic     | 3 |  3.0
Dodging        | |  1.9
Stealth        | |  1.7
Spellcasting   | |  1.9

Action                   || total
-------------------------++-------
Melee: Unarmed           ||     3
 Cast: Foxfire           ||    29
Armor: Robe              ||     7
Dodge: Dodged            ||    18

Table legend: (Time is in decaauts)
 A = Elapsed time spent in this place.
 B = Non-inter-level travel time spent in this place.
 C = Inter-level travel time spent in this place.
 D = Time resting spent in this place.
 E = Time spent auto-exploring this place.
 F = Levels seen in this place.
 G = Mean time per level.
                   A        B        C        D        E       F      G
               +--------+--------+--------+--------+--------+-----+--------+
         Total |    777 |    777 |      0 |    183 |    449 |   1 |  777.0 |
       Dungeon |    777 |    777 |      0 |    183 |    449 |   1 |  777.0 |
               +--------+--------+--------+--------+--------+-----+--------+

Top non-repeatable levels by time:
     D:1: 777 daAuts
